3194 views
Uploaded 2020-02-08 18:01:49
Game version 1.32 / 1.32.1
30:09 long 4on4 ladder game on (8)NerubianPassage
Saved by BEARAND
3194 views
Uploaded 2020-02-08 18:01:49
Game version 1.32 / 1.32.1
30:09 long 4on4 ladder game on (8)NerubianPassage


208 units @ 28.6k
/ 4.4k
95 buildings @ 12.7k
/ 5.9k


| Rod of Necromancy | 2 | 300 |
| Potion of Healing | 3 | 450 |
| Orb of Corruption | 1 | 375 |
| Scroll of Town Portal | 3 | 1050 |
| Potion of Lesser Invulnerability | 1 | 150 |
| total: | 10 | 2325g |
| Acolyte | 8 | 600 | / | 0 |
| Ghoul | 8 | 960 | / | 0 |
| Crypt Fiend | 7 | 1505 | / | 280 |
| Frost Wyrm | 14 | 5390 | / | 1680 |
| total: | 37 | 8455g | / | 1960w |
| Nerubian Tower | 1 | 100 | / | 20 |
| Spirit Tower | 2 | 290 | / | 80 |
| Altar of Darkness | 1 | 180 | / | 50 |
| Ziggurat | 9 | 1350 | / | 450 |
| Crypt | 1 | 200 | / | 50 |
| Graveyard | 1 | 215 | / | 0 |
| Tomb of Relics | 1 | 130 | / | 30 |
| Sacrificial Pit | 1 | 75 | / | 150 |
| Boneyard | 3 | 525 | / | 600 |
| Halls of the Dead | 1 | 320 | / | 210 |
| Black Citadel | 1 | 325 | / | 230 |
| total: | 17 | 2675g | / | 1330w |
| 0:05 | Acolyte |
| 0:13 | Altar of Darkness |
| 0:17 | Acolyte |
| 0:22 | Ziggurat |
| 0:37 | Acolyte |
| 0:46 | Crypt |
| 1:00 | Graveyard |
| 1:19 | Ziggurat |
| 1:46 | Ghoul |
| 1:59 | Nerubian Tower |
| 2:07 | Tomb of Relics |
| 2:14 | Ghoul |
| 2:22 | Crypt Fiend |
| 2:26 | Carrion Beetles |
| 2:45 | Crypt Fiend |
| 2:54 | Ziggurat |
| 3:12 | Rod of Necromancy |
| 3:33 | Ghoul |
| 4:28 | Crypt Fiend |
| 4:44 | Crypt Fiend |
| 4:45 | Halls of the Dead |
| 4:55 | Spiked Carapace |
| 5:22 | Creature Attack |
| 5:25 | Ziggurat |
| 6:12 | Carrion Beetles |
| 6:16 | Crypt Fiend |
| 6:21 | Crypt Fiend |
| 7:12 | Web |
| 7:20 | Acolyte |
| 8:13 | Frost Armor |
| 8:15 | Potion of Healing |
| 8:15 | Rod of Necromancy |
| 8:47 | Black Citadel |
| 9:55 | Burrow |
| 10:00 | Sacrificial Pit |
| 10:15 | Ziggurat |
| 10:19 | Ghoul |
| 10:27 | Potion of Healing |
| 10:28 | Scroll of Town Portal |
| 10:46 | Improved Creature Attack |
| 10:48 | Ghoul |
| 11:06 | Spiked Carapace |
| 11:29 | Acolyte |
| 11:29 | Acolyte |
| 11:29 | Acolyte |
| 11:29 | Acolyte |
| 11:38 | Boneyard |
| 12:09 | Boneyard |
| 12:15 | Ziggurat |
| 12:18 | Ziggurat |
| 12:44 | Frost Nova |
| 13:00 | Frost Wyrm |
| 13:07 | Ghoul |
| 13:16 | Boneyard |
| 13:25 | Ghoul |
| 13:34 | Frost Wyrm |
| 14:08 | Ghoul |
| 14:12 | Scroll of Town Portal |
| 14:26 | Potion of Healing |
| 14:29 | Orb of Corruption |
| 14:44 | Freezing Breath |
| 14:55 | Ziggurat |
| 15:04 | Ziggurat |
| 15:16 | Advanced Creature Attack |
| 16:18 | Spirit Tower |
| 16:20 | Spirit Tower |
| 16:22 | Frost Wyrm |
| 16:24 | Crypt Fiend |
| 16:44 | Potion of Lesser Invulnerability |
| 17:03 | Frost Wyrm |
| 18:31 | Creature Carapace |
| 18:33 | Frost Wyrm |
| 19:29 | Frost Wyrm |
| 19:34 | Scroll of Town Portal |
| 20:16 | Frost Wyrm |
| 20:53 | Frost Wyrm |
| 21:16 | Frost Wyrm |
| 22:22 | Frost Wyrm |
| 24:26 | Frost Wyrm |
| 24:55 | Frost Wyrm |
| 26:14 | Frost Wyrm |
| 27:08 | Frost Wyrm |
| 28:11 | Spiked Carapace |
| 28:16 | Frost Armor |
| Right click | 656 |
| Select | 343 |
| Build/train/purchase | 79 |
| Use ability | 29 |
| Select group | 28 |
| Minimap ping | 9 |
| Assign group | 5 |
| Resource trade | 5 |
| Item give/drop | 4 |
| Remove unit | 2 |


| Peasant | 37 | 2775 | / | 0 |
| Footman | 5 | 675 | / | 0 |
| Siege Engine | 5 | 975 | / | 300 |
| total: | 47 | 4425g | / | 300w |
| Scout Tower | 14 | 420 | / | 280 |
| Arcane Tower | 3 | 210 | / | 150 |
| Guard Tower | 9 | 630 | / | 450 |
| Lumber Mill | 1 | 120 | / | 0 |
| Farm | 15 | 1200 | / | 300 |
| Altar of Kings | 1 | 180 | / | 50 |
| Barracks | 1 | 160 | / | 60 |
| Blacksmith | 1 | 140 | / | 60 |
| Workshop | 2 | 280 | / | 280 |
| Arcane Sanctum | 2 | 300 | / | 280 |
| Keep | 1 | 320 | / | 210 |
| Castle | 1 | 360 | / | 210 |
| total: | 37 | 2800g | / | 1310w |
| 0:15 | Peasant |
| 0:15 | Peasant |
| 0:16 | Peasant |
| 0:17 | Peasant |
| 1:15 | Peasant |
| 1:15 | Peasant |
| 1:16 | Peasant |
| 1:24 | Lumber Mill |
| 1:32 | Farm |
| 1:36 | Altar of Kings |
| 1:41 | Barracks |
| 1:43 | Peasant |
| 1:50 | Farm |
| 2:27 | Farm |
| 2:30 | Peasant |
| 2:30 | Peasant |
| 4:02 | Peasant |
| 4:02 | Peasant |
| 4:24 | Footman |
| 4:24 | Footman |
| 4:24 | Footman |
| 4:34 | Summon Water Elemental |
| 4:58 | Footman |
| 5:29 | Peasant |
| 5:30 | Peasant |
| 5:30 | Peasant |
| 6:09 | Peasant |
| 6:13 | Footman |
| 6:22 | Scout Tower |
| 6:26 | Scout Tower |
| 6:27 | Peasant |
| 6:27 | Peasant |
| 6:27 | Peasant |
| 6:41 | Peasant |
| 6:41 | Peasant |
| 6:56 | Scout Tower |
| 7:03 | Scout Tower |
| 7:05 | Peasant |
| 7:06 | Peasant |
| 7:06 | Peasant |
| 7:06 | Peasant |
| 7:26 | Arcane Tower |
| 7:32 | Scout Tower |
| 7:40 | Guard Tower |
| 8:03 | Peasant |
| 8:03 | Peasant |
| 8:04 | Peasant |
| 8:54 | Guard Tower |
| 9:06 | Peasant |
| 9:07 | Peasant |
| 9:07 | Peasant |
| 9:31 | Peasant |
| 9:37 | Scout Tower |
| 9:41 | Peasant |
| 9:50 | Farm |
| 9:55 | Scout Tower |
| 9:58 | Peasant |
| 9:58 | Peasant |
| 9:59 | Peasant |
| 9:59 | Peasant |
| 10:19 | Arcane Tower |
| 10:26 | Improved Masonry |
| 10:28 | Guard Tower |
| 10:38 | Scout Tower |
| 10:41 | Farm |
| 11:07 | Keep |
| 11:18 | Arcane Tower |
| 11:33 | Scout Tower |
| 12:07 | Blacksmith |
| 12:09 | Guard Tower |
| 12:18 | Scout Tower |
| 12:51 | Guard Tower |
| 12:55 | Farm |
| 13:42 | Castle |
| 13:47 | Farm |
| 14:02 | Workshop |
| 14:05 | Improved Lumber Harvesting |
| 14:06 | Advanced Masonry |
| 14:37 | Scout Tower |
| 15:43 | Workshop |
| 15:53 | Guard Tower |
| 15:56 | Farm |
| 16:24 | Barrage |
| 16:28 | Iron Plating |
| 16:54 | Arcane Sanctum |
| 17:00 | Scout Tower |
| 17:40 | Guard Tower |
| 17:46 | Farm |
| 17:49 | Farm |
| 17:56 | Advanced Lumber Harvesting |
| 18:30 | Farm |
| 18:34 | Farm |
| 18:54 | Siege Engine |
| 19:35 | Siege Engine |
| 19:53 | Devotion Aura |
| 20:04 | Farm |
| 20:06 | Farm |
| 20:11 | Siege Engine |
| 20:12 | Siege Engine |
| 20:24 | Imbued Masonry |
| 21:08 | Farm |
| 21:22 | Scout Tower |
| 21:25 | Siege Engine |
| 21:39 | Black Gunpowder |
| 22:15 | Guard Tower |
| 22:25 | Scout Tower |
| 23:16 | Arcane Sanctum |
| 23:19 | Guard Tower |
| 24:26 | Steel Plating |
| 26:27 | Refined Gunpowder |
| 26:27 | Mithril Plating |
| Right click | 532 |
| Select | 430 |
| Build/train/purchase | 83 |
| Misc. action | 16 |
| Use ability | 4 |
| Resource trade | 4 |

| Orb of Venom | 1 | 325 |
| Scroll of Town Portal | 1 | 350 |
| Boots of Speed | 1 | 250 |
| total: | 3 | 925g |
| Wisp | 37 | 2220 | / | 0 |
| Archer | 9 | 1170 | / | 90 |
| Hippogryph | 9 | 1440 | / | 180 |
| Chimaera | 15 | 4950 | / | 1050 |
| Glaive Thrower | 2 | 420 | / | 130 |
| total: | 72 | 10200g | / | 1450w |
| Ancient Protector | 4 | 540 | / | 320 |
| Altar of Elders | 1 | 180 | / | 50 |
| Moon Well | 8 | 1440 | / | 320 |
| Ancient of War | 2 | 300 | / | 120 |
| Ancient of Wonders | 1 | 90 | / | 30 |
| Hunter's Hall | 1 | 210 | / | 100 |
| Tree of Life | 3 | 1020 | / | 555 |
| Ancient of Wind | 2 | 300 | / | 280 |
| Chimaera Roost | 3 | 420 | / | 570 |
| Tree of Ages | 1 | 320 | / | 180 |
| Tree of Eternity | 2 | 660 | / | 400 |
| total: | 25 | 4500g | / | 2345w |
| 0:02 | Wisp |
| 0:02 | Wisp |
| 0:08 | Altar of Elders |
| 0:15 | Wisp |
| 0:17 | Moon Well |
| 0:34 | Wisp |
| 0:45 | Ancient of War |
| 0:49 | Wisp |
| 0:49 | Wisp |
| 1:16 | Wisp |
| 1:27 | Moon Well |
| 1:36 | Wisp |
| 1:36 | Wisp |
| 1:47 | Archer |
| 2:00 | Wisp |
| 2:00 | Wisp |
| 2:06 | Archer |
| 2:11 | Mana Burn |
| 2:44 | Tree of Ages |
| 2:46 | Archer |
| 2:55 | Ancient of Wonders |
| 3:04 | Archer |
| 3:38 | Archer |
| 3:39 | Archer |
| 3:42 | Moon Well |
| 4:14 | Hunter's Hall |
| 4:31 | Evasion |
| 5:05 | Tree of Life |
| 5:22 | Wisp |
| 5:22 | Wisp |
| 5:22 | Wisp |
| 5:27 | Ancient of Wind |
| 5:48 | Improved Bows |
| 5:49 | Strength of the Moon |
| 6:35 | Mana Burn |
| 6:51 | Archer |
| 6:55 | Archer |
| 6:57 | Tree of Eternity |
| 7:00 | Wisp |
| 7:01 | Wisp |
| 7:01 | Wisp |
| 7:02 | Wisp |
| 7:04 | Ancient Protector |
| 7:16 | Archer |
| 7:29 | Tree of Eternity |
| 7:30 | Wisp |
| 7:30 | Wisp |
| 7:30 | Wisp |
| 7:30 | Wisp |
| 7:31 | Wisp |
| 7:49 | Ancient of Wind |
| 8:18 | Hippogryph |
| 8:19 | Hippogryph |
| 8:23 | Wisp |
| 8:23 | Wisp |
| 8:54 | Hippogryph |
| 8:54 | Hippogryph |
| 9:10 | Strength of the Wild |
| 9:13 | Wisp |
| 9:14 | Wisp |
| 9:14 | Wisp |
| 9:17 | Wisp |
| 9:17 | Wisp |
| 9:28 | Boots of Speed |
| 9:39 | Hippogryph |
| 10:10 | Chimaera Roost |
| 10:10 | Chimaera Roost |
| 10:41 | Chimaera Roost |
| 10:56 | Evasion |
| 11:19 | Moon Well |
| 11:19 | Moon Well |
| 11:20 | Moon Well |
| 11:20 | Moon Well |
| 11:21 | Moon Well |
| 12:22 | Chimaera |
| 12:23 | Chimaera |
| 12:25 | Hippogryph |
| 12:26 | Reinforced Hides |
| 12:28 | Wisp |
| 12:28 | Wisp |
| 12:55 | Tree of Life |
| 13:08 | Chimaera |
| 13:10 | Hippogryph |
| 13:13 | Tree of Life |
| 13:36 | Improved Reinforced Hides |
| 13:37 | Improved Strength of the Wild |
| 14:05 | Mana Burn |
| 14:25 | Chimaera |
| 14:25 | Chimaera |
| 15:04 | Corrosive Breath |
| 15:17 | Wisp |
| 15:18 | Wisp |
| 15:18 | Wisp |
| 15:18 | Wisp |
| 15:18 | Wisp |
| 15:56 | Scroll of Town Portal |
| 15:56 | Orb of Venom |
| 16:15 | Ancient Protector |
| 16:15 | Ancient Protector |
| 16:26 | Ancient Protector |
| 17:42 | Chimaera |
| 18:13 | Glaive Thrower |
| 18:13 | Glaive Thrower |
| 18:18 | Ancient of War |
| 18:48 | Chimaera |
| 20:23 | Chimaera |
| 20:25 | Hippogryph |
| 21:21 | Chimaera |
| 22:09 | Chimaera |
| 23:21 | Chimaera |
| 26:07 | Chimaera |
| 26:28 | Chimaera |
| 27:28 | Chimaera |
| 27:30 | Hippogryph |
| 28:22 | Chimaera |
| Right click | 1103 |
| Select | 432 |
| Select group | 212 |
| Build/train/purchase | 95 |
| Use ability | 35 |
| Assign group | 27 |
| Remove unit | 8 |
| Misc. action | 2 |
| Minimap ping | 2 |
| Item give/drop | 1 |



| Orb of Venom | 1 | 325 |
| Potion of Healing | 3 | 450 |
| total: | 4 | 775g |
| Wisp | 35 | 2100 | / | 0 |
| Huntress | 4 | 780 | / | 80 |
| Mountain Giant | 3 | 1050 | / | 300 |
| Hippogryph | 3 | 480 | / | 60 |
| Archer | 3 | 390 | / | 30 |
| Dryad | 2 | 290 | / | 120 |
| Glaive Thrower | 2 | 420 | / | 130 |
| total: | 52 | 5510g | / | 720w |
| Moon Well | 9 | 1620 | / | 360 |
| Hunter's Hall | 1 | 210 | / | 100 |
| Altar of Elders | 1 | 180 | / | 50 |
| Ancient of War | 2 | 300 | / | 120 |
| Ancient of Wonders | 1 | 90 | / | 30 |
| Ancient of Wind | 1 | 150 | / | 140 |
| Ancient of Lore | 1 | 155 | / | 145 |
| Tree of Ages | 1 | 320 | / | 180 |
| Tree of Eternity | 1 | 330 | / | 200 |
| total: | 16 | 2705g | / | 945w |
| 0:05 | Moon Well |
| 0:07 | Wisp |
| 0:07 | Wisp |
| 0:09 | Hunter's Hall |
| 0:27 | Wisp |
| 0:28 | Wisp |
| 0:38 | Wisp |
| 0:39 | Wisp |
| 0:52 | Wisp |
| 1:06 | Wisp |
| 1:09 | Wisp |
| 1:24 | Altar of Elders |
| 1:38 | Moon Well |
| 1:43 | Wisp |
| 2:05 | Moon Armor |
| 2:21 | Wisp |
| 2:24 | Strength of the Moon |
| 2:37 | Moon Well |
| 2:49 | Ancient of War |
| 3:02 | Ancient of War |
| 3:43 | Immolation |
| 3:58 | Wisp |
| 3:59 | Wisp |
| 3:59 | Wisp |
| 3:59 | Wisp |
| 4:01 | Wisp |
| 4:02 | Wisp |
| 4:03 | Wisp |
| 4:09 | Ultravision |
| 4:17 | Wisp |
| 5:20 | Huntress |
| 5:21 | Huntress |
| 5:22 | Huntress |
| 5:28 | Huntress |
| 5:58 | Wisp |
| 5:59 | Wisp |
| 5:59 | Wisp |
| 5:59 | Wisp |
| 6:00 | Wisp |
| 6:00 | Wisp |
| 6:10 | Wisp |
| 6:10 | Wisp |
| 7:41 | Wisp |
| 7:42 | Wisp |
| 8:13 | Moon Well |
| 8:16 | Tree of Ages |
| 9:13 | Moon Well |
| 9:42 | Strength of the Wild |
| 9:42 | Reinforced Hides |
| 9:47 | Moon Well |
| 9:51 | Moon Well |
| 10:13 | Mana Burn |
| 11:11 | Tree of Eternity |
| 11:14 | Improved Strength of the Moon |
| 11:15 | Improved Moon Armor |
| 11:25 | Improved Strength of the Wild |
| 11:34 | Moon Glaive |
| 11:46 | Moon Well |
| 11:51 | Moon Well |
| 12:09 | Ancient of Wind |
| 12:45 | Advanced Strength of the Wild |
| 13:03 | Vorpal Blades |
| 13:32 | Wisp |
| 13:33 | Wisp |
| 13:51 | Ancient of Wonders |
| 14:07 | Ancient of Lore |
| 14:53 | Druid of the Talon Adept Training |
| 15:03 | Marksmanship |
| 15:09 | Improved Bows |
| 15:25 | Abolish Magic |
| 15:30 | Druid of the Claw Adept Training |
| 15:37 | Resistant Skin |
| 15:52 | Trueshot Aura |
| 16:04 | Hardened Skin |
| 16:10 | Wisp |
| 16:11 | Wisp |
| 16:36 | Entangling Roots |
| 16:44 | Improved Reinforced Hides |
| 17:08 | Druid of the Claw Master Training |
| 17:48 | Orb of Venom |
| 17:49 | Potion of Healing |
| 17:49 | Potion of Healing |
| 17:49 | Potion of Healing |
| 18:08 | Advanced Strength of the Moon |
| 18:25 | Advanced Moon Armor |
| 18:29 | Wisp |
| 18:29 | Wisp |
| 19:15 | Mountain Giant |
| 19:17 | Mountain Giant |
| 19:17 | Mountain Giant |
| 19:41 | Hippogryph |
| 19:41 | Hippogryph |
| 19:41 | Hippogryph |
| 19:59 | Archer |
| 20:25 | Archer |
| 20:36 | Archer |
| 21:34 | Mark of the Claw |
| 21:36 | Dryad |
| 21:36 | Dryad |
| 22:17 | Glaive Thrower |
| 22:32 | Glaive Thrower |
| Right click | 272 |
| Select | 245 |
| Build/train/purchase | 108 |
| Select group | 40 |
| Use ability | 22 |
| Assign group | 9 |
| Esc | 8 |
| Misc. action | 2 |
| Item give/drop | 2 |
| Remove unit | 2 |
94 units @ 9.3k
/ 1k
302 buildings @ 22.7k
/ 11.1k



| Staff of Sanctuary | 3 | 750 |
| Boots of Speed | 3 | 750 |
| Staff of Teleportation | 3 | 450 |
| Healing Salve | 2 | 200 |
| Orb of Lightning | 2 | 750 |
| Orb of Venom | 1 | 325 |
| total: | 14 | 3225g |
| Peasant | 18 | 1350 | / | 0 |
| Priest | 2 | 270 | / | 20 |
| total: | 20 | 1620g | / | 20w |
| Scout Tower | 72 | 2160 | / | 1440 |
| Arcane Tower | 5 | 350 | / | 250 |
| Guard Tower | 34 | 2380 | / | 1700 |
| Altar of Kings | 1 | 180 | / | 50 |
| Farm | 5 | 400 | / | 100 |
| Lumber Mill | 17 | 2040 | / | 0 |
| Arcane Vault | 5 | 650 | / | 150 |
| Town Hall | 3 | 1155 | / | 615 |
| Arcane Sanctum | 1 | 150 | / | 140 |
| Keep | 1 | 320 | / | 210 |
| Castle | 1 | 360 | / | 210 |
| total: | 104 | 6735g | / | 2495w |
| 0:01 | Peasant |
| 0:03 | Altar of Kings |
| 0:08 | Peasant |
| 0:15 | Farm |
| 0:19 | Lumber Mill |
| 0:20 | Peasant |
| 0:30 | Peasant |
| 0:47 | Peasant |
| 0:56 | Farm |
| 1:06 | Scout Tower |
| 1:09 | Peasant |
| 1:18 | Scout Tower |
| 1:20 | Peasant |
| 1:30 | Improved Masonry |
| 1:38 | Scout Tower |
| 1:43 | Peasant |
| 1:48 | Arcane Tower |
| 1:52 | Scout Tower |
| 1:58 | Arcane Tower |
| 2:04 | Blizzard |
| 2:06 | Peasant |
| 2:10 | Scout Tower |
| 2:15 | Guard Tower |
| 2:19 | Scout Tower |
| 2:25 | Guard Tower |
| 2:35 | Peasant |
| 2:46 | Peasant |
| 2:47 | Guard Tower |
| 2:48 | Scout Tower |
| 3:00 | Peasant |
| 3:02 | Guard Tower |
| 3:03 | Scout Tower |
| 3:03 | Scout Tower |
| 3:11 | Peasant |
| 3:11 | Peasant |
| 3:13 | Scout Tower |
| 3:57 | Scout Tower |
| 3:57 | Guard Tower |
| 3:58 | Keep |
| 3:59 | Farm |
| 4:13 | Brilliance Aura |
| 4:22 | Scout Tower |
| 4:23 | Guard Tower |
| 4:33 | Guard Tower |
| 4:34 | Scout Tower |
| 4:35 | Scout Tower |
| 4:53 | Boots of Speed |
| 4:53 | Staff of Teleportation |
| 4:57 | Guard Tower |
| 4:58 | Scout Tower |
| 4:59 | Scout Tower |
| 5:00 | Scout Tower |
| 5:00 | Scout Tower |
| 5:10 | Guard Tower |
| 5:46 | Guard Tower |
| 6:21 | Farm |
| 6:32 | Castle |
| 6:50 | Guard Tower |
| 6:53 | Scout Tower |
| 6:54 | Scout Tower |
| 6:54 | Arcane Tower |
| 6:55 | Guard Tower |
| 7:17 | Storm Bolt |
| 7:35 | Advanced Masonry |
| 7:53 | Guard Tower |
| 7:55 | Scout Tower |
| 7:56 | Scout Tower |
| 7:59 | Blizzard |
| 8:42 | Bash |
| 9:26 | Scout Tower |
| 9:37 | Imbued Masonry |
| 9:39 | Arcane Sanctum |
| 9:40 | Scout Tower |
| 9:41 | Scout Tower |
| 9:46 | Healing Salve |
| 9:46 | Orb of Lightning |
| 9:50 | Healing Salve |
| 9:59 | Guard Tower |
| 10:01 | Scout Tower |
| 10:02 | Scout Tower |
| 10:04 | Holy Light |
| 11:08 | Boots of Speed |
| 11:08 | Staff of Teleportation |
| 11:15 | Guard Tower |
| 11:16 | Scout Tower |
| 11:17 | Magic Sentry |
| 11:19 | Priest Adept Training |
| 11:19 | Priest |
| 11:21 | Farm |
| 11:24 | Arcane Tower |
| 11:30 | Arcane Vault |
| 12:01 | Orb of Venom |
| 12:19 | Guard Tower |
| 12:21 | Scout Tower |
| 12:21 | Scout Tower |
| 12:43 | Peasant |
| 12:43 | Peasant |
| 13:02 | Arcane Vault |
| 13:09 | Town Hall |
| 13:17 | Scout Tower |
| 13:20 | Priest |
| 13:23 | Arcane Vault |
| 13:24 | Scout Tower |
| 13:24 | Scout Tower |
| 13:39 | Boots of Speed |
| 13:40 | Staff of Teleportation |
| 13:44 | Guard Tower |
| 13:45 | Scout Tower |
| 13:46 | Scout Tower |
| 13:52 | Divine Shield |
| 13:55 | Scout Tower |
| 13:56 | Scout Tower |
| 13:56 | Scout Tower |
| 13:57 | Scout Tower |
| 13:57 | Scout Tower |
| 13:58 | Scout Tower |
| 13:58 | Scout Tower |
| 13:59 | Scout Tower |
| 14:10 | Storm Bolt |
| 14:21 | Guard Tower |
| 14:23 | Scout Tower |
| 14:24 | Scout Tower |
| 14:26 | Arcane Vault |
| 14:38 | Peasant |
| 14:42 | Arcane Tower |
| 14:51 | Guard Tower |
| 15:10 | Guard Tower |
| 15:23 | Guard Tower |
| 15:24 | Scout Tower |
| 15:24 | Scout Tower |
| 15:29 | Arcane Vault |
| 15:44 | Guard Tower |
| 15:59 | Guard Tower |
| 16:05 | Staff of Sanctuary |
| 16:09 | Guard Tower |
| 16:14 | Peasant |
| 16:19 | Staff of Sanctuary |
| 16:26 | Guard Tower |
| 16:27 | Scout Tower |
| 16:27 | Scout Tower |
| 16:30 | Guard Tower |
| 16:33 | Scout Tower |
| 16:33 | Scout Tower |
| 16:34 | Scout Tower |
| 16:54 | Guard Tower |
| 16:56 | Scout Tower |
| 16:56 | Scout Tower |
| 17:31 | Brilliance Aura |
| 17:32 | Brilliance Aura |
| 17:38 | Brilliance Aura |
| 17:42 | Guard Tower |
| 18:02 | Brilliance Aura |
| 18:14 | Holy Light |
| 18:22 | Guard Tower |
| 18:25 | Town Hall |
| 18:32 | Guard Tower |
| 18:34 | Scout Tower |
| 18:39 | Staff of Sanctuary |
| 18:50 | Scout Tower |
| 18:50 | Scout Tower |
| 18:51 | Scout Tower |
| 18:51 | Scout Tower |
| 18:52 | Scout Tower |
| 18:53 | Scout Tower |
| 18:54 | Scout Tower |
| 19:42 | Guard Tower |
| 19:43 | Scout Tower |
| 20:15 | Guard Tower |
| 20:19 | Scout Tower |
| 20:20 | Scout Tower |
| 20:21 | Scout Tower |
| 20:23 | Scout Tower |
| 20:23 | Scout Tower |
| 20:24 | Guard Tower |
| 22:08 | Scout Tower |
| 22:09 | Scout Tower |
| 22:09 | Scout Tower |
| 22:43 | Orb of Lightning |
| 22:59 | Guard Tower |
| 23:01 | Town Hall |
| 23:25 | Bash |
| 24:30 | Divine Shield |
| 25:03 | Blizzard |
| 25:53 | Holy Light |
| 26:10 | Storm Bolt |
| 28:59 | Scout Tower |
| 29:01 | Lumber Mill |
| 29:01 | Lumber Mill |
| 29:02 | Lumber Mill |
| 29:03 | Lumber Mill |
| 29:03 | Lumber Mill |
| 29:03 | Lumber Mill |
| 29:04 | Lumber Mill |
| 29:10 | Lumber Mill |
| 29:10 | Lumber Mill |
| 29:11 | Lumber Mill |
| 29:12 | Lumber Mill |
| 29:14 | Lumber Mill |
| 29:14 | Lumber Mill |
| 29:16 | Lumber Mill |
| 29:16 | Lumber Mill |
| 29:16 | Lumber Mill |
| 29:46 | Brilliance Aura |
| Right click | 1997 |
| Select group | 1466 |
| Assign group | 463 |
| Select | 385 |
| Use ability | 138 |
| Build/train/purchase | 127 |
| Misc. action | 78 |
| Chat | 12 |
| Minimap ping | 3 |
| Item give/drop | 2 |



| Staff of Sanctuary | 3 | 750 |
| Boots of Speed | 3 | 750 |
| Staff of Teleportation | 3 | 450 |
| Healing Salve | 2 | 200 |
| Orb of Lightning | 1 | 375 |
| Healing Wards | 1 | 450 |
| Belt of Giant Strength +6 | 2 | 800 |
| total: | 15 | 3775g |
| Peasant | 22 | 1650 | / | 0 |
| Priest | 1 | 135 | / | 10 |
| Goblin Zeppelin | 1 | 240 | / | 60 |
| Goblin Shredder | 1 | 375 | / | 100 |
| total: | 25 | 2400g | / | 170w |
| Scout Tower | 111 | 3330 | / | 2220 |
| Arcane Tower | 8 | 560 | / | 400 |
| Guard Tower | 76 | 5320 | / | 3800 |
| Altar of Kings | 1 | 180 | / | 50 |
| Farm | 4 | 320 | / | 80 |
| Lumber Mill | 1 | 120 | / | 0 |
| Town Hall | 2 | 770 | / | 410 |
| Arcane Vault | 2 | 260 | / | 60 |
| Arcane Sanctum | 1 | 150 | / | 140 |
| Keep | 2 | 640 | / | 420 |
| Castle | 1 | 360 | / | 210 |
| total: | 122 | 5130g | / | 2960w |
| 0:01 | Peasant |
| 0:02 | Peasant |
| 0:09 | Altar of Kings |
| 0:15 | Peasant |
| 0:18 | Farm |
| 0:23 | Peasant |
| 0:36 | Farm |
| 0:43 | Peasant |
| 0:57 | Scout Tower |
| 0:57 | Peasant |
| 1:04 | Lumber Mill |
| 1:34 | Scout Tower |
| 1:35 | Peasant |
| 1:37 | Arcane Tower |
| 1:54 | Peasant |
| 1:55 | Peasant |
| 1:55 | Peasant |
| 2:00 | Scout Tower |
| 2:07 | Guard Tower |
| 2:10 | Blizzard |
| 2:40 | Guard Tower |
| 2:41 | Scout Tower |
| 2:42 | Scout Tower |
| 2:43 | Peasant |
| 2:43 | Peasant |
| 2:43 | Peasant |
| 2:44 | Peasant |
| 2:59 | Peasant |
| 3:09 | Guard Tower |
| 3:46 | Keep |
| 4:19 | Brilliance Aura |
| 4:31 | Guard Tower |
| 4:33 | Scout Tower |
| 4:33 | Scout Tower |
| 4:33 | Scout Tower |
| 4:43 | Healing Salve |
| 4:59 | Farm |
| 5:00 | Farm |
| 5:22 | Guard Tower |
| 5:53 | Town Hall |
| 5:58 | Scout Tower |
| 5:58 | Scout Tower |
| 5:59 | Scout Tower |
| 5:59 | Scout Tower |
| 6:02 | Boots of Speed |
| 6:02 | Staff of Teleportation |
| 6:44 | Blizzard |
| 7:01 | Peasant |
| 7:01 | Peasant |
| 7:02 | Peasant |
| 7:02 | Peasant |
| 7:02 | Peasant |
| 7:03 | Peasant |
| 7:03 | Peasant |
| 7:21 | Guard Tower |
| 7:21 | Guard Tower |
| 7:50 | Storm Bolt |
| 7:57 | Goblin Zeppelin |
| 7:57 | Goblin Shredder |
| 8:13 | Healing Salve |
| 8:29 | Guard Tower |
| 8:30 | Scout Tower |
| 8:31 | Scout Tower |
| 8:31 | Scout Tower |
| 8:32 | Scout Tower |
| 9:04 | Scout Tower |
| 9:05 | Scout Tower |
| 9:05 | Scout Tower |
| 9:05 | Scout Tower |
| 9:06 | Scout Tower |
| 9:06 | Scout Tower |
| 9:07 | Scout Tower |
| 9:07 | Scout Tower |
| 9:08 | Scout Tower |
| 9:08 | Scout Tower |
| 9:09 | Guard Tower |
| 9:10 | Improved Masonry |
| 9:11 | Advanced Masonry |
| 9:11 | Castle |
| 9:57 | Scout Tower |
| 9:57 | Scout Tower |
| 9:58 | Scout Tower |
| 9:58 | Scout Tower |
| 9:59 | Scout Tower |
| 10:00 | Scout Tower |
| 10:00 | Scout Tower |
| 10:01 | Scout Tower |
| 10:01 | Scout Tower |
| 10:02 | Scout Tower |
| 10:02 | Scout Tower |
| 10:03 | Scout Tower |
| 10:03 | Scout Tower |
| 10:19 | Guard Tower |
| 10:20 | Guard Tower |
| 10:20 | Guard Tower |
| 10:21 | Guard Tower |
| 10:22 | Scout Tower |
| 10:22 | Scout Tower |
| 10:23 | Scout Tower |
| 10:23 | Scout Tower |
| 10:23 | Scout Tower |
| 10:40 | Guard Tower |
| 10:40 | Guard Tower |
| 10:41 | Imbued Masonry |
| 11:21 | Arcane Vault |
| 11:24 | Arcane Sanctum |
| 11:26 | Arcane Vault |
| 11:27 | Guard Tower |
| 11:29 | Scout Tower |
| 11:29 | Scout Tower |
| 11:30 | Scout Tower |
| 11:30 | Scout Tower |
| 11:31 | Scout Tower |
| 11:31 | Scout Tower |
| 11:32 | Scout Tower |
| 11:33 | Scout Tower |
| 11:50 | Scout Tower |
| 11:50 | Scout Tower |
| 11:51 | Scout Tower |
| 11:51 | Scout Tower |
| 11:52 | Scout Tower |
| 11:52 | Scout Tower |
| 11:52 | Scout Tower |
| 11:53 | Scout Tower |
| 11:54 | Guard Tower |
| 12:23 | Bash |
| 12:31 | Guard Tower |
| 12:35 | Scout Tower |
| 12:36 | Scout Tower |
| 12:43 | Holy Light |
| 12:47 | Staff of Sanctuary |
| 13:03 | Staff of Sanctuary |
| 13:57 | Healing Wards |
| 14:00 | Boots of Speed |
| 14:00 | Staff of Teleportation |
| 14:01 | Boots of Speed |
| 14:08 | Guard Tower |
| 14:10 | Guard Tower |
| 14:12 | Scout Tower |
| 14:13 | Scout Tower |
| 14:13 | Scout Tower |
| 14:14 | Scout Tower |
| 14:14 | Scout Tower |
| 14:15 | Scout Tower |
| 14:16 | Scout Tower |
| 14:16 | Scout Tower |
| 14:17 | Scout Tower |
| 14:17 | Scout Tower |
| 14:18 | Guard Tower |
| 14:19 | Guard Tower |
| 14:19 | Guard Tower |
| 14:41 | Guard Tower |
| 14:44 | Magic Sentry |
| 15:00 | Guard Tower |
| 15:01 | Scout Tower |
| 15:02 | Scout Tower |
| 15:02 | Scout Tower |
| 15:03 | Scout Tower |
| 15:39 | Orb of Lightning |
| 15:59 | Guard Tower |
| 16:00 | Guard Tower |
| 16:11 | Arcane Tower |
| 16:11 | Guard Tower |
| 16:39 | Guard Tower |
| 16:40 | Scout Tower |
| 16:41 | Scout Tower |
| 16:41 | Scout Tower |
| 16:42 | Scout Tower |
| 16:43 | Scout Tower |
| 16:44 | Scout Tower |
| 17:22 | Brilliance Aura |
| 17:23 | Storm Bolt |
| 17:43 | Divine Shield |
| 18:28 | Guard Tower |
| 18:30 | Arcane Tower |
| 18:30 | Arcane Tower |
| 18:31 | Guard Tower |
| 18:33 | Scout Tower |
| 18:34 | Scout Tower |
| 18:35 | Scout Tower |
| 18:36 | Scout Tower |
| 18:36 | Scout Tower |
| 18:36 | Scout Tower |
| 18:37 | Scout Tower |
| 18:41 | Priest Adept Training |
| 18:42 | Priest |
| 18:57 | Staff of Teleportation |
| 19:16 | Guard Tower |
| 19:16 | Guard Tower |
| 19:19 | Scout Tower |
| 19:20 | Scout Tower |
| 19:20 | Scout Tower |
| 19:20 | Scout Tower |
| 19:21 | Scout Tower |
| 19:25 | Guard Tower |
| 19:31 | Belt of Giant Strength +6 |
| 21:09 | Guard Tower |
| 21:10 | Guard Tower |
| 21:12 | Arcane Tower |
| 21:12 | Guard Tower |
| 21:12 | Guard Tower |
| 21:13 | Guard Tower |
| 21:14 | Guard Tower |
| 21:19 | Improved Lumber Harvesting |
| 21:27 | Staff of Sanctuary |
| 21:50 | Holy Light |
| 22:06 | Arcane Tower |
| 22:11 | Arcane Tower |
| 22:14 | Scout Tower |
| 22:14 | Scout Tower |
| 22:15 | Scout Tower |
| 22:15 | Scout Tower |
| 22:16 | Scout Tower |
| 22:17 | Scout Tower |
| 22:24 | Belt of Giant Strength +6 |
| 23:50 | Bash |
| 25:06 | Town Hall |
| 25:07 | Guard Tower |
| 25:07 | Guard Tower |
| 25:08 | Guard Tower |
| 25:08 | Guard Tower |
| 25:12 | Blizzard |
| 26:24 | Scout Tower |
| 26:25 | Scout Tower |
| 26:26 | Scout Tower |
| 26:27 | Scout Tower |
| 26:27 | Scout Tower |
| 26:28 | Scout Tower |
| 26:30 | Scout Tower |
| 26:31 | Scout Tower |
| 26:31 | Scout Tower |
| 26:31 | Scout Tower |
| 26:32 | Scout Tower |
| 27:26 | Guard Tower |
| 28:16 | Divine Shield |
| 29:11 | Guard Tower |
| 29:49 | Storm Bolt |
| Right click | 2374 |
| Select | 639 |
| Select group | 532 |
| Build/train/purchase | 274 |
| Use ability | 94 |
| Chat | 39 |
| Misc. action | 19 |
| Assign group | 12 |
| Item give/drop | 11 |
| Minimap ping | 11 |
| Resource trade | 7 |
| Remove unit | 2 |



| Boots of Speed | 3 | 750 |
| Staff of Teleportation | 3 | 450 |
| Staff of Sanctuary | 3 | 750 |
| Gloves of Haste | 1 | 125 |
| total: | 10 | 2075g |
| Wisp | 18 | 1080 | / | 0 |
| total: | 18 | 1080g | / | 0w |
| Altar of Elders | 1 | 180 | / | 50 |
| Moon Well | 15 | 2700 | / | 600 |
| Ancient of Wonders | 2 | 180 | / | 60 |
| Hunter's Hall | 1 | 210 | / | 100 |
| Tree of Life | 2 | 680 | / | 370 |
| Tree of Ages | 1 | 320 | / | 180 |
| Tree of Eternity | 1 | 330 | / | 200 |
| total: | 21 | 3950g | / | 1180w |
| 0:00 | Wisp |
| 0:02 | Altar of Elders |
| 0:09 | Wisp |
| 0:17 | Moon Well |
| 0:19 | Wisp |
| 0:30 | Wisp |
| 0:44 | Moon Well |
| 0:49 | Wisp |
| 0:58 | Wisp |
| 1:12 | Wisp |
| 1:18 | Wisp |
| 1:43 | Wisp |
| 1:59 | Wisp |
| 2:07 | Force of Nature |
| 2:13 | Wisp |
| 2:32 | Wisp |
| 2:51 | Tree of Ages |
| 3:16 | Moon Well |
| 4:53 | Ancient of Wonders |
| 5:04 | Entangling Roots |
| 5:18 | Wisp |
| 5:18 | Wisp |
| 5:35 | Boots of Speed |
| 5:52 | Wisp |
| 5:52 | Wisp |
| 6:09 | Soul Burn |
| 6:12 | Wisp |
| 6:14 | Moon Well |
| 6:31 | Wisp |
| 6:45 | Staff of Teleportation |
| 7:04 | Tree of Eternity |
| 7:59 | Hunter's Hall |
| 8:34 | Moon Well |
| 8:34 | Moon Well |
| 8:35 | Moon Well |
| 9:08 | Incinerate |
| 9:13 | Moon Well |
| 9:34 | Ancient of Wonders |
| 10:09 | Staff of Teleportation |
| 10:09 | Boots of Speed |
| 10:26 | Moon Well |
| 10:30 | Moon Well |
| 10:32 | Moon Well |
| 10:56 | Entangling Roots |
| 11:28 | Frost Arrows |
| 11:40 | Moon Well |
| 11:44 | Moon Well |
| 11:48 | Well Spring |
| 12:36 | Moon Well |
| 12:42 | Moon Well |
| 13:07 | Gloves of Haste |
| 14:21 | Ultravision |
| 14:42 | Staff of Sanctuary |
| 14:49 | Forked Lightning |
| 15:09 | Boots of Speed |
| 15:52 | Soul Burn |
| 16:04 | Staff of Teleportation |
| 16:38 | Staff of Sanctuary |
| 16:52 | Staff of Sanctuary |
| 17:37 | Thorns Aura |
| 19:54 | Frost Arrows |
| 20:28 | Incinerate |
| 23:15 | Entangling Roots |
| 23:57 | Forked Lightning |
| 24:15 | Tree of Life |
| 26:09 | Soul Burn |
| 28:14 | Tree of Life |
| Right click | 1743 |
| Select | 1110 |
| Select group | 927 |
| Resource trade | 115 |
| Use ability | 76 |
| Assign group | 68 |
| Build/train/purchase | 56 |
| Minimap ping | 14 |
| Misc. action | 8 |
| Item give/drop | 5 |


| Healing Salve | 2 | 200 |
| Orb of Lightning | 1 | 375 |
| Boots of Speed | 2 | 500 |
| Staff of Teleportation | 1 | 150 |
| Periapt of Vitality | 1 | 325 |
| Orb of Venom | 1 | 325 |
| Boots of Quel'Thalas +6 | 1 | 400 |
| Claws of Attack +12 | 1 | 500 |
| total: | 10 | 2775g |
| Peon | 12 | 900 | / | 0 |
| Troll Batrider | 18 | 2880 | / | 720 |
| Goblin Shredder | 1 | 375 | / | 100 |
| total: | 31 | 4155g | / | 820w |
| Watch Tower | 42 | 4620 | / | 3360 |
| Altar of Storms | 2 | 360 | / | 100 |
| Orc Burrow | 3 | 480 | / | 120 |
| War Mill | 1 | 205 | / | 0 |
| Voodoo Lounge | 1 | 130 | / | 30 |
| Great Hall | 1 | 385 | / | 185 |
| Beastiary | 5 | 725 | / | 700 |
| Stronghold | 1 | 315 | / | 190 |
| Fortress | 1 | 325 | / | 190 |
| total: | 55 | 6905g | / | 4495w |
| 0:03 | Peon |
| 0:03 | Peon |
| 0:06 | Altar of Storms |
| 0:19 | Orc Burrow |
| 0:21 | Peon |
| 0:38 | Peon |
| 0:50 | War Mill |
| 0:52 | Peon |
| 1:08 | Voodoo Lounge |
| 1:14 | Peon |
| 1:22 | Peon |
| 1:40 | Orc Burrow |
| 1:45 | Peon |
| 2:06 | Watch Tower |
| 2:09 | Wind Walk |
| 2:10 | Peon |
| 2:14 | Healing Salve |
| 2:22 | Peon |
| 2:33 | Watch Tower |
| 2:42 | Peon |
| 2:51 | Peon |
| 3:26 | Stronghold |
| 3:36 | Watch Tower |
| 3:55 | Watch Tower |
| 4:01 | Orc Burrow |
| 4:13 | Boots of Speed |
| 4:18 | Staff of Teleportation |
| 4:32 | Watch Tower |
| 5:23 | Watch Tower |
| 5:52 | Beastiary |
| 6:03 | Beastiary |
| 6:06 | Reinforced Defenses |
| 6:20 | Critical Strike |
| 6:52 | Hex |
| 6:53 | Healing Salve |
| 7:04 | Watch Tower |
| 7:06 | Watch Tower |
| 7:11 | Fortress |
| 8:04 | Watch Tower |
| 8:06 | Watch Tower |
| 8:55 | Troll Batrider |
| 9:30 | Watch Tower |
| 9:35 | Great Hall |
| 9:38 | Liquid Fire |
| 9:40 | Troll Batrider |
| 9:47 | Watch Tower |
| 10:16 | Spiked Barricades |
| 10:56 | Watch Tower |
| 11:39 | Troll Batrider |
| 11:48 | Watch Tower |
| 11:50 | Watch Tower |
| 12:05 | Watch Tower |
| 12:14 | Healing Wave |
| 12:20 | Goblin Shredder |
| 12:43 | Troll Batrider |
| 13:21 | Wind Walk |
| 13:58 | Troll Batrider |
| 14:08 | Watch Tower |
| 14:14 | Altar of Storms |
| 14:20 | Watch Tower |
| 14:22 | Watch Tower |
| 14:25 | Watch Tower |
| 14:30 | Watch Tower |
| 14:59 | Troll Batrider |
| 15:12 | Watch Tower |
| 15:26 | Beastiary |
| 15:28 | Beastiary |
| 15:31 | Beastiary |
| 15:49 | Watch Tower |
| 16:20 | Watch Tower |
| 16:36 | Watch Tower |
| 17:28 | Troll Batrider |
| 17:29 | Troll Batrider |
| 17:34 | Watch Tower |
| 17:35 | Watch Tower |
| 17:41 | Watch Tower |
| 17:46 | Steel Ranged Weapons |
| 17:46 | Steel Armor |
| 18:29 | Orb of Lightning |
| 18:39 | Watch Tower |
| 18:41 | Watch Tower |
| 19:05 | Watch Tower |
| 19:10 | Thorium Ranged Weapons |
| 19:20 | Boots of Speed |
| 19:21 | Periapt of Vitality |
| 19:45 | Watch Tower |
| 19:52 | Watch Tower |
| 20:09 | Watch Tower |
| 20:38 | Thorium Armor |
| 20:38 | Improved Spiked Barricades |
| 21:05 | Wind Walk |
| 21:06 | Critical Strike |
| 21:09 | Troll Batrider |
| 21:09 | Troll Batrider |
| 21:29 | Watch Tower |
| 21:31 | Watch Tower |
| 21:33 | Watch Tower |
| 21:43 | Troll Batrider |
| 21:58 | Healing Wave |
| 22:22 | Orb of Venom |
| 22:39 | Watch Tower |
| 22:41 | Watch Tower |
| 22:43 | Watch Tower |
| 23:25 | Troll Batrider |
| 23:58 | Watch Tower |
| 24:00 | Watch Tower |
| 24:50 | Boots of Quel'Thalas +6 |
| 24:52 | Claws of Attack +12 |
| 25:40 | Troll Batrider |
| 25:40 | Troll Batrider |
| 25:52 | Hex |
| 25:58 | Troll Batrider |
| 26:19 | Arcanite Ranged Weapons |
| 26:20 | Arcanite Armor |
| 27:36 | Bladestorm |
| 29:41 | Troll Batrider |
| 29:41 | Troll Batrider |
| 30:07 | Troll Batrider |
| Right click | 1724 |
| Select group | 588 |
| Select | 503 |
| Use ability | 194 |
| Misc. action | 183 |
| Build/train/purchase | 84 |
| Chat | 50 |
| Assign group | 26 |
| Minimap ping | 10 |
| Item give/drop | 5 |
| Esc | 3 |
⇛